 Dungeon Crawl Stone Soup version 0.29-a0-319-gad05b8d819 (webtiles) character file.

Game seed: 17650738147476602474

211 rabbitsville the Caller (level 5, -7/35 HPs)
             Began as a Demonspawn Summoner on Apr 1, 2022.
             Was an Initiate of Ashenzari.
             Mangled by a gnoll
             ... wielding a +0 spear
              (8 damage)
             ... on level 4 of the Dungeon.
             The game lasted 00:23:11 (3914 turns).

rabbitsville the Caller (Demonspawn Summoner)       Turns: 3914, Time: 00:23:11

Health: -7/35      AC:  7    Str: 10    XL:     5   Next: 57%
Magic:  1/10       EV: 12    Int: 21    God:    Ashenzari [......]
Gold:   178        SH:  0    Dex: 13    Spells: 5/11 levels left

rFire   . . .      SeeInvis .   e - +0 short sword
rCold   + . .      Faith    .   (no shield)
rNeg    . . .      Spirit   .   m - +2 robe {rC+}
rPois   .          Reflect  .   (no helmet)
rElec   +          Harm     +   (no cloak)
rCorr   .          Rampage  .   (no gloves)
Will    .....                   (no boots)
Stlth   ++........              n - amulet "Sorrow of Ashenzari" {Acrobat Harm rElec Str+2 Int+2, Cun, Self} (curse)
HPRegen 0.11/turn               (no ring)
MPRegen 0.12/turn               (no ring)

@: no status effects
A: yellow scales 2, demonic magic 1
a: Renounce Religion, Shatter the Chains


You were on level 4 of the Dungeon.
You worshipped Ashenzari.
Ashenzari was noncommittal.
You visited 1 branch of the dungeon, and saw 4 of its levels.

You collected 178 gold pieces.

Inventory:

Hand Weapons
 e - a +0 short sword (weapon)
Armour
 a - a +0 robe
 m - a +2 robe of cold resistance (worn)
Jewellery
 d - an amulet of reflection
 n - the cursed amulet "Sorrow of Ashenzari" (around neck) {Acrobat Harm rElec Str+2 Int+2, Cun, Self}
   (You found it on level 3 of the Dungeon)

   [amulet of the acrobat]

   It increases your evasion while moving and waiting.
   Str:       It affects your strength (+2).
   Int:       It affects your intelligence (+2).
   rElec:     It insulates you from electricity.
   Harm:      It increases damage dealt and taken.
   It has a curse which improves the following skills: Cunning: Dodging and
   Stealth.
   Introspection: Fighting and Spellcasting.
Scrolls
 c - 3 scrolls of teleportation {unknown}
 f - 3 scrolls of identify {unknown}
 g - a scroll of enchant weapon {unknown}
 i - a scroll of noise {unknown}
 j - a scroll of brand weapon {unknown}
 l - a scroll of blinking {unknown}
 p - a scroll of vulnerability {unknown}
Potions
 b - a potion of magic
 h - 3 potions of curing
 o - a potion of might {unknown}


   Skills:
 - Level 1.7(2.1) Dodging
 - Level 1.7(2.1) Stealth
 + Level 3.3(3.7) Spellcasting
 * Level 5.9 Summonings
 + Level 1.4 Translocations


You had 5 spell levels left.
You knew the following spells:

 Your Spells              Type           Power      Damage    Failure   Level
a - Summon Small Mammal   Summ           100%       N/A       1%          1
b - Call Imp              Summ           28%        N/A       1%          2
c - Call Canine Familiar  Summ           28%        N/A       3%          3

Your spell library contained the following spells:

 Spells                   Type           Power      Damage    Failure   Level
 Blink                    Tloc           20%        N/A       11%         2
 Summon Guardian Golem    Hex/Summ       16%        N/A       11%         3
 Animate Skeleton         Necr           6%         N/A       12%         1
 Pain                     Necr           12%        1d4       12%         1
 Sting                    Tmut/Pois      12%        1d3       12%         1
 Poisonous Vapours        Pois/Air       6%         N/A       19%         2
 Scorch                   Fire           6%         2d5       19%         2
 Vampiric Draining        Necr           3%         2d6       36%         3
 Summon Lightning Spire   Summ/Air       16%        N/A       36%         4
 Flame Wave               Conj/Fire      3%         2d4       77%         4
 Olgreb's Toxic Radiance  Pois           3%         N/A       77%         4
 Manifold Assault         Tloc           10%        N/A       88%         5
 Summon Cactus Giant      Summ           14%        N/A       86%         6
 Storm Form               Tmut/Air       1%         N/A       100%        7


Dungeon Overview and Level Annotations

Branches:
Dungeon (4/15)             Temple (0/1) D:4

Altars:
Ashenzari

Annotations:
D:2 Sigmund


Innate Abilities, Weirdness & Mutations

You are mostly covered in yellow scales. (AC +3)
Spells you cast may paralyse adjacent enemies.


Message History

The gnoll barely misses your shadow imp.
Your shadow imp hits the gnoll shaman.
Casting: Call Imp (safe; 1% risk of failure)
Press: ? - help, Q - select action, (/) - cycle Dir - look around, f - activate A beastly little devil appears in a puff of flame.
Malevolent energies surge around you.
Your shadow imp disappears in a puff of smoke!
The gnoll hits you from afar with a +0 spear.
The gnoll barely misses you.
Your hound closely misses the gnoll.
You hit the gnoll shaman.
The gnoll shaman is heavily wounded.
The gnoll barely misses you.
Your crimson imp hits the gnoll shaman but does no damage.
You hit the gnoll shaman but do no damage.
The gnoll shaman is heavily wounded.
The gnoll closely misses you.
Your hound bites the gnoll.
The gnoll hits you from afar with a +0 halberd.
* * * LOW HITPOINT WARNING * * *
The gnoll shaman barely misses you.
The gnoll hits you from afar with a +0 spear.
* * * LOW HITPOINT WARNING * * *
Your hound closely misses the gnoll.
Your crimson imp hits the gnoll shaman but does no damage.
The gnoll shaman hits you with a +0 club.
* * * LOW HITPOINT WARNING * * *
The gnoll hits you with a +0 club.
* * * LOW HITPOINT WARNING * * *
The gnoll hits you from afar with a +0 halberd.
* * * LOW HITPOINT WARNING * * *
Your hound bites the gnoll.
Your crimson imp hits the gnoll shaman.
The gnoll completely misses you. The gnoll closely misses you.
The gnoll hits your hound with a +0 halberd!
The gnoll shaman completely misses you.
Your hound closely misses the gnoll.
Your hound bites the gnoll.
Your crimson imp hits the gnoll shaman.
The gnoll barely misses your hound.
You barely miss the gnoll shaman.
The gnoll shaman is heavily wounded.
The gnoll misses you.
Your hound misses the gnoll.
The gnoll hits you from afar with a +0 spear!
You die...

.$$$P.#
..P..##
##.)...##
##.......##
#.........#
#...hg....#
#...gg5...#
#....g.(..#
####....@....#
.?..........##
####.........#
##.........#
##..........#
#...........#
##..........#
###.......##
#.......##


You could see a gnoll shaman, 3 gnolls, a friendly hound (summoned) and a
friendly crimson imp (summoned).

Vanquished Creatures
  Jessica (D:2)
  Terence (D:3)
  3 ball pythons
  3 endoplasms
  2 giant cockroaches
  A goblin (D:2)
  4 hobgoblins
  2 jackals (D:2)
  A quokka (D:3)
  4 bats
  2 frilled lizards
  4 kobolds
  3 rats
31 creatures vanquished.

Vanquished Creatures (collateral kills)
  Natasha (thrice) (D:3)
  2 gnolls (D:4)
  2 adders
  2 bats
  7 kobolds
  2 ball pythons
  5 frilled lizards
  2 rats (D:3)
25 creatures vanquished.

Vanquished Creatures (others)
  5 fungi (D:4)
  12 plants (D:3)
  4 toadstools (D:4)
21 creatures vanquished.

Grand Total: 77 creatures vanquished

Notes
Turn   | Place    | Note
-------+----------+-------------------------------------------
     0 | D:1      | rabbitsville the Demonspawn Summoner began the quest for
                  | the Orb.
     0 | D:1      | Reached XP level 1. HP: 13/13 MP: 3/3
   402 | D:1      | Gained mutation: You are partially covered in yellow
                  | scales. (AC +2) [demonic ancestry]
   402 | D:1      | Reached XP level 2. HP: 10/19 MP: 5/5
   555 | D:1      | Found a faded altar of an unknown god.
   578 | D:1      | Prayed at the altar of an unknown god.
   578 | D:1      | Became a worshipper of Ashenzari the Shackled
   786 | D:1      | Learned a level 2 spell: Call Imp
  1846 | D:2      | Noticed Sigmund
  2168 | D:2      | Reached XP level 3. HP: 24/24 MP: 3/6
  2234 | D:2      | Noticed Jessica
  2252 | D:2      | HP: 1/24 [Jessica/+0 dagger (3)]
  2258 | D:2      | Killed Jessica
  2259 | D:2      | Reached skill level 5 in Summonings
  2668 | D:3      | Gained mutation: You are mostly covered in yellow scales.
                  | (AC +3) [demonic ancestry]
  2668 | D:3      | Reached XP level 4. HP: 30/30 MP: 5/8
  2747 | D:3      | Identified the amulet "Ciofekk" {Acrobat Harm rElec Str+2
                  | Int+2}
  2828 | D:3      | Learned a level 3 spell: Call Canine Familiar
  2975 | D:3      | Noticed Terence
  2986 | D:3      | Killed Terence
  3084 | D:3      | Noticed Natasha
  3165 | D:3      | Killed Natasha
  3242 | D:3      | Noticed Natasha
  3252 | D:3      | Killed Natasha
  3253 | D:3      | Reached skill level 1 in Translocations
  3253 | D:3      | Gained mutation: Spells you cast may paralyse adjacent
                  | enemies. [demonic ancestry]
  3253 | D:3      | Reached XP level 5. HP: 30/35 MP: 6/9
  3403 | D:3      | Noticed Natasha
  3413 | D:3      | Killed Natasha
  3561 | D:4      | Found a staircase to the Ecumenical Temple.
  3563 | D:4      | Noticed a sky beast
  3911 | D:4      | HP: 1/35 [gnoll/+0 halberd (4)]
  3914 | D:4      | Mangled by a gnoll

Illustrated notes

Levels and vault maps discovered:
D:1:      amcnicky_arrival_wind_blow, layout_loops_corners,
          ebering_ecumenical_altar_rust
D:2:      layout_loops_corners, serial_glass, glass_columns_a, glass_columns_a,
          glass_columns_a, glass_columns_b, glass_columns_a, glass_columns_c,
          uniq_sigmund, uniq_jessica
D:3:      layout_loops_cross, lexackson_kobold_supper, uniq_terence,
          uniq_natasha
D:4:      layout_rooms, nemelex_dance_club_becter, elyvilon_altar_3,
          minmay_temple_entry_crystal_x, kennysheep_cluttered_room,
          minmay_gold_behind_fungi

Skill      XL: |  1  2  3  4 |
---------------+-------------+-----
Summonings     | 5 |  5.9
Spellcasting   | 3 |  3.3
Translocations | 1 |  1.4
Dodging        | |  1.7
Stealth        | |  1.7

Action                   |  1- 3 |  4- 6 || total
-------------------------+-------+-------++-------
Melee: Short sword       |   106 |    56 ||   162
       Unarmed           |     2 |       ||     2
       Punch             |     2 |     1 ||     3
 Cast: Summon Small Mamm |     4 |     2 ||     6
       Call Imp          |     7 |     8 ||    15
       Call Canine Famil |       |     8 ||     8
Invok: Curse Item        |       |     1 ||     1
  Use: Potion            |     1 |     2 ||     3
 Stab: Sleeping          |     3 |     2 ||     5
Armor: Robe              |    22 |    18 ||    40
Dodge: Dodged            |    58 |    47 ||   105
Block: Other             |    31 |       ||    31
       Reflection        |     1 |       ||     1

Table legend: (Time is in decaauts)
 A = Elapsed time spent in this place.
 B = Non-inter-level travel time spent in this place.
 C = Inter-level travel time spent in this place.
 D = Time resting spent in this place.
 E = Time spent auto-exploring this place.
 F = Levels seen in this place.
 G = Mean time per level.
                   A        B        C        D        E       F      G
               +--------+--------+--------+--------+--------+-----+--------+
         Total |   3929 |   3882 |     47 |    928 |   1360 |   4 |  982.2 |
       Dungeon |   3929 |   3882 |     47 |    928 |   1360 |   4 |  982.2 |
               +--------+--------+--------+--------+--------+-----+--------+

Top non-repeatable levels by time:
     D:1: 1507 daAuts
     D:3: 1182 daAuts
     D:2: 1113 daAuts
     D:4: 127 daAuts
